AoeStats
← GS_JL

Fortress

510596029Analyzed
1v1 RM · 8h ago on Oct 1, 2026· 16m 48s· 2 players
Game mode
Random Map
Map size
Small (3 player)
Population
200
Speed
Normal
Resources
Standard
Victory
Conquest
Starting age
Dark Age
Ending age
Imperial Age
RankedLock teamsTeams togetherTeam positionsShared explorationLock speedFull tech treeHidden civsTurbo modeCheats
Victory
Defeat
🇰🇿 Slavs · Kazakhstan
765
+17
🇦🇷 Goths · Argentina
787
-17
GS_JL
3:44 Loom
6:25 Feudal Age
6:53 Double-Bit Axe
6:49 Horse Collar
12:50 Castle Age
11:37 Man-at-Arms
12:31 Forging
13:14 Scale Mail Armor
13:47 Bow Saw
15:02 Squires
15:16 Heavy Plow
15:19 Long Swordsman
Baratero786181
4:30 Loom
9:07 Feudal Age
10:13 Double-Bit Axe
12:58 Castle Age
10:53 Horse Collar
11:51 Gold Mining
13:38 Scale Mail Armor
14:07 Squires
Connection lost

Rejoining the realm…

Still unreachable

The connection could not be restored.

Session expired

The server has moved on; the page needs a fresh start.